Unix NetHack Version 5.0.0-0 post-release - last build Jul 14 2026 02:55:29 (1809b74e8187c3a3585e283601c3028b46cbbdcb,branch:main).

Game began 2026-07-15 21:17:54, ended 2026-07-18 13:22:52.

Calendula, neutral female human Wizard

                                                 |`--
                                            ---- |..
                                            |..| |..
                                       ---  |..---.
                           ---          .. --...|..
                            ..-          -.........--
                            -..--         -.........|
                             ....        --.| |..C@--
                              ....--------..| - |...|
                                |....--.....|   |...--
                                 -...)[)....--.-|....--
                                 --...%)%......||-....|
                          --   -- |....*-....----.....|
                          |..  |.--..........| |..-.---
                           -.................---....|
                           --................<....---
                            ---.--....-----...-----
                              -- ------   |..--
                                          ----
Calendula the Thaumaturge  St:6 Dx:15 Co:18 In:18 Wi:16 Ch:9  Neutral
Dlvl:5  $:22 HP:0(82) Pw:2(80) AC:3  Xp:8 T:4486 

Latest messages:
 You can't.  It is cursed.
 What do you want to read? [pGTXZ or ?*] ?
 What do you want to read? [pGTXZ or ?*] <space>
 Never mind.
 What do you want to remove? [deI or ?*] ?
 You were wearing an uncursed ring of protection from shape changers (on right hand).
 What do you want to put on? [djoN or ?*] ?
 j - a blessed +4 ring of increase damage (on right hand).
 You hit the plains centaur!
 The plains centaur hits!
 The plains centaur kicks!
 You hit the plains centaur!
 The plains centaur hits!
 The plains centaur kicks!
 You miss the plains centaur.
 The plains centaur hits!
 The plains centaur kicks!
 The plains centaur hits!
 The plains centaur kicks!
 You hit the plains centaur!
 The plains centaur hits!
 The plains centaur kicks!
 The plains centaur hits!
 The plains centaur kicks!
 You miss the plains centaur.
 The plains centaur hits!
 The plains centaur misses!
 The plains centaur hits!
 The plains centaur kicks!
 In what direction? 4
 The spell hits the plains centaur!
 The plains centaur hits!
 The plains centaur kicks!
 You miss the plains centaur.
 The plains centaur hits!
 The plains centaur kicks!
 The plains centaur hits!
 The plains centaur kicks!
 What do you want to zap? [clsCHO or ?*] c
 In what direction? .
 You are suddenly moving much faster.
 The plains centaur hits!
 The plains centaur just misses!
 The plains centaur hits!
 The plains centaur kicks!
 You die...
 Do you want your possessions identified? [ynq] (y) y
 Do you want to see your attributes? [ynq] (y) y
 Do you want an account of creatures vanquished? [ynaq] (y) y
 Do you want to see your conduct and achievements? [ynq] (y) q

Inventory:
 Coins    ('$')
  $ - 22 gold pieces
 Amulets  ('"')
  I - a cursed amulet of restful sleep (being worn)
 Weapons  (')')
  Y - a +0 elven dagger
  a - a blessed +1 quarterstaff (weapon in hands)
 Armor    ('[')
  w - a blessed +1 orcish helm (being worn)
  i - a cursed +0 pair of high boots (being worn)
  b - a blessed +2 cloak of magic resistance (being worn)
  L - an uncursed +0 mummy wrapping
 Comestibles  ('%')
  y - 2 uncursed food rations
  u - an uncursed tripe ration
 Scrolls  ('?')
  T - an uncursed scroll of confuse monster
  p - a blessed scroll of light
  X - an uncursed scroll of light
 Spellbooks  ('+')
  Z - an uncursed spellbook of detect monsters
  G - an uncursed spellbook of force bolt
 Potions  ('!')
  f - an uncursed potion of blindness
  g - an uncursed potion of speed
 Rings    ('=')
  j - a blessed +4 ring of increase damage (on right hand)
  N - an uncursed ring of polymorph control
  d - an uncursed ring of protection from shape changers
  e - an uncursed ring of regeneration (on left hand)
 Wands    ('/')
  H - a wand of create monster (0:13)
  l - a wand of create monster (0:11)
  O - a wand of opening (0:1)
  C - a wand of speed monster (0:5)
  c - a wand of speed monster (0:2)
  s - a wand of striking (0:2)
 Tools    ('(')
  o - an uncursed blindfold
  F - a blessed brass lantern
  m - an uncursed lock pick
  n - a magic marker (0:0)
  q - a rustproof +0 pick-axe
  U - an uncursed stethoscope
  x - an uncursed wax candle
 Gems/Stones  ('*')
  B - 2 uncursed jet stones
  W - an uncursed sapphire
  K - 2 uncursed worthless pieces of green glass
  r - a cursed worthless piece of orange glass
  v - an uncursed worthless piece of red glass
  t - 5 uncursed worthless pieces of violet glass

Calendula the Wizard's attributes:

Background:
 You were a Thaumaturge, a level 8 female human Wizard.
 You were neutral, on a mission for Thoth
 who was opposed by Ptah (lawful) and Anhur (chaotic).
 You were right-handed.
 You were in the Gnomish Mines, on level 5.
 You entered the dungeon 4486 turns ago.
 You had 1477 experience points, 1083 more were needed to attain level 9.

Basics:
 You had 0 out of 82 hit points.
 You had 2 out of 80 energy points (spell power).
 Your armor class was 3.
 Your wallet contained 22 zorkmids.
 Autopickup was off.

Final Characteristics:
 Your strength was 6 (peak:8, limit:18/100).
 Your dexterity was 15 (limit:18).
 Your constitution was 18 (limit:18).
 Your intelligence was 18 (limit:18).
 Your wisdom was 16 (limit:18).
 Your charisma was 9 (limit:18).

Final Status:
 You fell asleep uncontrollably.
 You weren't hungry.
 You were unencumbered.
 You were wielding a quarterstaff.
 You had basic skill with quarterstaff and could have enhanced that.

Final Attributes:
 You were piously aligned.
 You were magic-protected.
 You regenerated.
 You had a moderate damage bonus (+4).
 You were warded.
 You were very fast.
 You are dead.

Miscellaneous:
 You encountered 1 bones level.
 Total elapsed playing time was 2 hours, 8 minutes and 37 seconds.

Major events:
 Turn
    1: Calendula the neutral female human Wizard entered the dungeon
  714: attained the rank of Conjurer (level 3)
 1815: attained the rank of Thaumaturge (level 6)
 3600: entered the Gnomish Mines
 4486: killed by a plains centaur

Spells:
 Name                 Level Category     Fail Retention
 force bolt             1   attack         0%   71%-80%
 remove curse           3   clerical      80%    (gone)
 protection             1   clerical       0%  76%-100%

Skills:
 Fighting Skills
   bare handed combat [Unskilled]
   riding             [Unskilled]
 Weapon Skills
   dagger             [Unskilled]
   knife              [Unskilled]
   axe                [Unskilled]
   short sword        [Unskilled]
   club               [Unskilled]
   mace               [Unskilled]
   quarterstaff       [Basic]
   polearms           [Unskilled]
   spear              [Unskilled]
   trident            [Unskilled]
   sling              [Unskilled]
   dart               [Unskilled]
   shuriken           [Unskilled]
 Spellcasting Skills
   attack spells      [Basic]
   healing spells     [Unskilled]
   divination spells  [Unskilled]
   enchantment spells [Basic]
   clerical spells    [Unskilled]
   escape spells      [Unskilled]
   matter spells      [Unskilled]

Voluntary challenges:
 Character rerolling was not enabled.
 You never genocided any monsters.
 You never polymorphed an object.
 You never changed form.
 You used no wishes.
Achievements:
 You attained the rank of Conjurer.
 You entered a shop.
 You attained the rank of Thaumaturge.
 You entered the Gnomish Mines.

 The Dungeons of Doom: levels 1 to 7
    Level 1:
    Level 2:
    Level 3:
       A sink.
       Stairs down to The Gnomish Mines.
    Level 4:
       A general store.
    Level 5:
    Level 6:
    Level 7:
       Many fountains.
       Oracle of Delphi.
 The Gnomish Mines: levels 4 to 6
    Level 4:
    Level 5: <- You were here.
       Final resting place for
          you, killed by a plains centaur.
    Level 6:
       Final resting place for
          Barrb-Bar-Hum-Fem-Neu, killed by a wolf.


Vanquished creatures:
  3 small mimics
  a winter wolf cub
  3 leprechauns
  2 giant spiders
  a dwarf mummy
  a brown pudding
  a dingo
  a dwarf leader
  2 plains centaurs
  a snake
  2 apes
  a rope golem
  4 Woodland-elves
 an imp
  2 rock moles
  a yellow light
  2 shriekers
  3 gnome leaders
  a gnomish wizard
  a kobold mummy
  a gray ooze
  3 elf zombies
  4 giant ants
  2 kittens
  5 dwarves
  a homunculus
  a kobold leader
  8 rothes
  a rabid rat
  2 giant bats
  2 orc zombies
  a dwarf zombie
  a werejackal
 an iguana
 an acid blob
  2 hobbits
  a manes
  a large kobold
  2 hobgoblins
  4 giant rats
  3 cave spiders
  a yellow mold
 18 gnomes
  2 geckos
 12 jackals
  2 foxes
  2 goblins
  a sewer rat
  3 grid bugs
  3 lichens
  a kobold zombie
  9 newts
135 creatures vanquished.

No species were genocided or became extinct.

Game over:
                       ----------
                      /          \
                     /    REST    \
                    /      IN      \
                   /     PEACE      \
                  /                  \
                  |    Calendula     |
                  |      22 Au       |
                  |   killed by a    |
                  |  plains centaur  |
                  |                  |
                  |                  |
                  |       2026       |
                 *|     *  *  *      | *
        _________)/\\_//(\/(/\)/\//\/|_)_______

Goodbye Calendula the Wizard...

You died in The Gnomish Mines on dungeon level 5 with 6298 points,
and 22 pieces of gold, after 4486 moves.
You were level 8 with a maximum of 82 hit points when you died.

